 Dungeon Crawl Stone Soup version 0.32-a0-612-g1c984fe9d1 (webtiles) character file.

Game seed: 11204373795619411011

42 pokeman the Magician (level 3, 0/20 HPs)
             Began as a Deep Elf Hedge Wizard on Mar 4, 2024.
             Succumbed to an adder's poison
             ... on level 2 of the Dungeon.
             The game lasted 00:01:46 (1364 turns).

pokeman the Magician (Deep Elf Hedge Wizard)        Turns: 1364, Time: 00:01:46

Health: 0/20       AC:  2    Str:  7    XL:     3   Next: 35%
Magic:  6/11       EV: 12    Int: 20    God:
Gold:   98         SH:  0    Dex: 14    Spells: 4/12 levels left

rFire   + . .        a - +0 dagger
rCold   + . .        (no shield)
rNeg    . . .        b - +0 robe
rPois   +            c - +0 hat
rElec   +            (no cloak)
rCorr   +            (no gloves)
SInv    .            (no boots)
Will    .....        (no amulet)
Stlth   ++           (no ring)
HPRegen 0.23/turn    (no ring)
MPRegen 0.12/turn

%: no passive effects
@: brilliant, lethally poisoned (0 -> -4), resistant, attractive
A: no striking features
a: no special abilities


You were on level 2 of the Dungeon.
You visited 1 branch of the dungeon, and saw 2 of its levels.

You collected 98 gold pieces.

Inventory:

Hand Weapons
 a - a +0 dagger (weapon)
Armour
 b - a +0 robe (worn)
 c - a +0 hat (worn)
Scrolls
 e - a scroll of identify {unknown}
 g - a scroll of immolation {unknown}
 j - a scroll of amnesia {unknown}
 k - a scroll of noise {unknown}
Potions
 d - a potion of magic


   Skills:
 + Level 0.8 Fighting
 + Level 0.9 Armour
 - Level 2.4 Dodging
 - Level 2.4 Stealth
 * Level 5.2 Spellcasting
 + Level 1.8 Conjurations
 - Level 1.1 Summonings
 - Level 1.1 Translocations


You had 4 spell levels left.
You knew the following spells:

 Your Spells              Type           Power      Damage    Failure   Level
a - Magic Dart            Conj           76%        1d6       5%          1
b - Mephitic Cloud        Conj/Alch/Air  11%        N/A       26%         3
c - Call Imp              Summ           28%        N/A       11%         2
d - Blink                 Tloc           28%        N/A       11%         2

Your spell library contained the following spells:

 Spells                   Type           Power      Damage    Failure   Level
 Slow                     Hex            28%        N/A       12%         1
 Cigotuvi's Dreadful Rot  Necr/Alch/Air  14%        N/A       17%         2


Dungeon Overview and Level Annotations

Branches:
Dungeon (2/15)

Altars:


Message History

You are more poisoned.
The adder poisons you!
Casting: Magic Dart (safe; 5% risk of failure)
Confirm with . or Enter, or press ? or * to list all spells.
Aiming: Magic Dart (safe; 5% risk of failure)
Press: ? - help, Shift-Dir - straight line, f/p - adder
Aim: an adder (heavily wounded, 100% to hit)
The magic dart hits the adder.
The adder is almost dead.
You feel very sick. The adder bites you.
You are lethally poisoned!
The adder poisons you!
Casting: Magic Dart (safe; 5% risk of failure)
Confirm with . or Enter, or press ? or * to list all spells.
Aiming: Magic Dart (safe; 5% risk of failure)
Press: ? - help, Shift-Dir - straight line, f/p - adder
Aim: an adder (almost dead, 100% to hit)
The magic dart hits the adder.
You kill the adder!
You feel very sick.
Unknown command.
There is a lethal amount of poison in your body!
It was a potion of attraction.
You feel attractive to monsters.
* * * LOW HITPOINT WARNING * * *
You feel sick.
It was a potion of brilliance.
You feel clever all of a sudden.
* * * LOW HITPOINT WARNING * * *
You feel sick.
It was a potion of resistance.
You feel protected.
* * * LOW HITPOINT WARNING * * *
You feel sick.
There is a lethal amount of poison in your body!
* * * LOW HITPOINT WARNING * * *
You feel sick.
Your magical contamination has completely faded away.
You die...

### ###########
##.###.........#
####...##.# .#
.(........## .#
####..###..######.#
##.# #.......@.#
### #.# #..##.###†#
..............# .#
...........##.# .#
#######.#..##.# ?#
... #.#...... ..
### .#..#...# .# .#
#. .#.# .#


There were no monsters in sight!

Vanquished Creatures
  An adder (D:2)
  A dart slug (D:1)
  3 ball pythons (D:1)
  An endoplasm (D:1)
  A giant cockroach (D:1)
  5 hobgoblins
  A jackal (D:1)
  4 kobolds (D:1)
  A quokka (D:1)
  6 bats
  A frilled lizard (D:1)
  A goblin (D:1)
  4 rats
30 creatures vanquished.

Notes
Turn   | Place    | Note
-------+----------+-------------------------------------------
     0 | D:1      | pokeman the Deep Elf Hedge Wizard began the quest for the
                  | Orb.
     0 | D:1      | Reached XP level 1. HP: 10/10 MP: 7/7
     6 | D:1      | Upgraded the game from 0.32-a0-607-g64ea0e4219 to
                  | 0.32-a0-612-g1c984fe9d1
   249 | D:1      | Reached XP level 2. HP: 15/15 MP: 3/9
   679 | D:1      | Reached skill level 5 in Spellcasting
   920 | D:1      | Reached XP level 3. HP: 20/20 MP: 8/11
   924 | D:1      | Learned a level 3 spell: Mephitic Cloud
   927 | D:1      | Learned a level 2 spell: Call Imp
   930 | D:1      | Learned a level 2 spell: Blink
  1362 | D:2      | HP: 1/20 [poisoned by an adder]
  1364 | D:2      | Succumbed to an adder's poison

Illustrated notes

Levels and vault maps discovered:
D:1:      ldierk_walled_garden, layout_loops_ring, minmay_heptomino_o4
D:2:      layout_loops_ring, shapermc_ecumenical_altar_ellora,
          corexii_hall_statues_x

Skill      XL: |  1  2 |
---------------+-------+-----
Spellcasting   | 5 |  5.2
Fighting       | |  0.8
Armour         | |  0.9
Dodging        | |  2.4
Stealth        | |  2.4
Conjurations   | |  1.8
Summonings     | |  1.1
Translocations | |  1.1

Action                     || total
---------------------------++-------
   Cast: Magic Dart        ||    70
    Use: Potion            ||     3
 Armour: Robe              ||     9
  Dodge: Dodged            ||     7

Table legend: (Time is in decaauts)
 A = Elapsed time spent in this place.
 B = Non-inter-level travel time spent in this place.
 C = Inter-level travel time spent in this place.
 D = Time resting spent in this place.
 E = Time spent auto-exploring this place.
 F = Levels seen in this place.
 G = Mean time per level.
                   A        B        C        D        E       F      G
               +--------+--------+--------+--------+--------+-----+--------+
         Total |   1367 |   1362 |      5 |      0 |   1221 |   2 |  683.5 |
       Dungeon |   1367 |   1362 |      5 |      0 |   1221 |   2 |  683.5 |
               +--------+--------+--------+--------+--------+-----+--------+

Top non-repeatable levels by time:
     D:1: 1121 daAuts
     D:2: 246 daAuts
